 Dungeon Crawl Stone Soup version 0.27-a0-553-ge0ab5a2769 (webtiles) character file.

Game seed: 2496918086671723396

91 Gaff the Stinger (level 4, -2/30 HPs)
             Began as a Demonspawn Venom Mage on Mar 8, 2021.
             Slain by a hobgoblin
             ... wielding a +0 club
              (7 damage)
             ... on level 3 of the Dungeon.
             The game lasted 00:07:00 (2999 turns).

Gaff the Stinger (Demonspawn Venom Mage)            Turns: 2999, Time: 00:07:00

Health: -2/30      AC:  4    Str: 14    XL:     4   Next: 34%
Magic:  4/8        EV: 12    Int: 17    God:
Gold:   111        SH:  0    Dex: 14    Spells: 6/9 levels left

rFire    . . .     SeeInvis .   h - +0 flail
rCold    . . .     Faith    .   (no shield)
rNeg     . . .     Spirit   .   a - +0 robe
rPois    .         Reflect  .   (no helmet)
rElec    .         Harm     .   (no cloak)
rCorr    .         Rampage  .   (no gloves)
Will     .....                  (no boots)
Stlth    ++........             (no amulet)
HPRegen  0.10/turn              i - +6 ring of strength
MPRegen  0.11/turn              (no ring)

@: lethally poisoned (-2 -> -13), flying, slowed, very slow
A: slimy green scales 1, ignite blood 1
a: no special abilities


You were on level 3 of the Dungeon.
You visited 1 branch of the dungeon, and saw 3 of its levels.

You collected 111 gold pieces.

Inventory:

Hand Weapons
 c - a +0 club
 h - a +0 flail (weapon)
Armour
 a - a +0 robe (worn)
Jewellery
 i - a +6 ring of strength (left hand)
Scrolls
 b - a scroll of identify {unknown}
 d - a scroll of amnesia {unknown}
 e - 3 scrolls of enchant armour {unknown}
Potions
 f - a potion of attraction {unknown}
 g - a potion of flight


   Skills:
 - Level 1.7 Dodging
 - Level 1.7 Stealth
 + Level 3.1 Spellcasting
 - Level 0.8 Transmutations
 + Level 0.4 Air Magic
 + Level 4.3 Poison Magic


You had 6 spell levels left.
You knew the following spells:

 Your Spells              Type           Power      Damage    Failure   Level
a - Sting                 Tmut/Pois      44%        1d5       6%          1
b - Poisonous Vapours     Pois/Air       20%        N/A       10%         2

Your spell library contained the following spells:

 Spells                   Type           Power      Damage    Failure   Level
 Ignite Poison            Fire/Tmut/Pois 8%         N/A       26%         3
 Mephitic Cloud           Conj/Pois/Air  8%         N/A       26%         3
 Olgreb's Toxic Radiance  Pois           17%        N/A       28%         4


Dungeon Overview and Level Annotations

Branches:
Dungeon (3/15)

Altars:
Elyvilon
Okawaru
Vehumet

Annotations:
D:3 Terence


Innate Abilities, Weirdness & Mutations

You are partially covered in slimy green scales. (AC +2)
Your demonic aura sometimes causes spilled blood to erupt in flames


Message History

You hit the hobgoblin but do no damage. The hobgoblin completely misses you.
You thump the hobgoblin!
You kill the hobgoblin!
Casting: Sting (safe; 6% risk of failure)
Confirm with . or Enter, or press ? or * to list all spells.
Aiming: Sting (safe; 6% risk of failure)
Press: ? - help, Shift-Dir - straight line, f/p - goblin
Aim: a goblin, wielding a +0 dagger (36% to evade)
The sting hits the hobgoblin.
The hobgoblin is poisoned.
The hobgoblin is moderately wounded.
The hobgoblin hits you.
You hit the hobgoblin.
The hobgoblin is severely wounded.
The hobgoblin closely misses you.
A hobgoblin comes into view.
It is wielding a +0 club and quivering curare-tipped darts.
The hobgoblin hits you.
You barely miss the hobgoblin.
The hobgoblin is almost dead.
You kill the hobgoblin!
The hobgoblin completely misses you.
You barely miss the hobgoblin. The goblin barely misses you.
The hobgoblin hits you but does no damage.
The goblin misses you.
The hobgoblin throws a curare-tipped dart.
The curare-tipped dart hits you.
You are poisoned.
You have difficulty breathing.
* * * LOW HITPOINT WARNING * * *
You feel yourself slow down.
* * * LOW HITPOINT WARNING * * *
You feel sick.
Press: ? - help, v - describe, . - travel
Here: a goblin, wielding a +0 dagger The floor.
It was a potion of flight.
You feel very buoyant.
You fly up into the air.
* * * LOW HITPOINT WARNING * * *
You feel sick. The hobgoblin hits you with a +0 club!
You die...

#######..####+###
#.##.#...# #.# '...+
########.## ... ###
#.....$#..####'## ..#
#.....$##...#...# ..#
#......#....##)## #
..#
#......#.#...#g#..#
..# #......#.#.#@g...#
..###<.....#.#.##g.###
..@........#.#.#...#
#####......#.#.###.#
#.######.#.# #.# #.#
#. #.# #o# #. #.# ...
.. #o#


You could see 2 hobgoblins and a goblin.

Vanquished Creatures
  An orc wizard (D:3)
  2 oozes
  A worm (D:3)
  A dart slug (D:1)
  2 leopard geckos
  3 orcs (D:3)
  2 ball pythons (D:2)
  9 bats
  2 giant cockroaches
  6 goblins
  7 hobgoblins
  2 jackals (D:1)
  A frilled lizard (D:1)
  5 kobolds
  3 rats
47 creatures vanquished.

Notes
Turn   | Place    | Note
-------+----------+-------------------------------------------
     0 | D:1      | Gaff the Demonspawn Venom Mage began the quest for the Orb.
     0 | D:1      | Reached XP level 1. HP: 13/13 MP: 3/3
   338 | D:1      | Gained mutation: You are partially covered in slimy green
                  | scales. (AC +2) [demonic ancestry]
   338 | D:1      | Reached XP level 2. HP: 19/19 MP: 3/5
  1291 | D:2      | Gained mutation: Your demonic aura sometimes causes spilled
                  | blood to erupt in flames [demonic ancestry]
  1291 | D:2      | Reached XP level 3. HP: 14/24 MP: 4/6
  1451 | D:2      | Found an iron altar of Okawaru.
  1787 | D:2      | Reached skill level 4 in Poison Magic
  1803 | D:2      | Learned a level 2 spell: Poisonous Vapours
  2496 | D:3      | Noticed Terence
  2497 | D:3      | Reached XP level 4. HP: 18/30 MP: 0/8
  2679 | D:3      | Found a radiant altar of Vehumet.
  2999 | D:3      | Slain by a hobgoblin

Illustrated notes

Levels and vault maps discovered:
D:1:      lightli_iron_boxes, layout_loops_corners, fountainhead
D:2:      layout_basic, lemuel_crystal_altar, lemuel_coloured_pillars_altar
D:3:      cheibrodos_greedy_goblins, layout_basic, vehumet_crystals,
          amethyst_overflow_temple_binary, uniq_terence

Skill      XL: |  1  2  3 |
---------------+----------+-----
Poison Magic   | 4 |  4.3
Spellcasting   | 3 |  3.1
Dodging        | |  1.7
Stealth        | |  1.7
Transmutations | |  0.8
Air Magic      | |  0.4

Action                   |  1- 3 |  4- 6 || total
-------------------------+-------+-------++-------
Melee: Club              |    21 |       ||    21
       Flail             |       |    16 ||    16
 Cast: Sting             |    46 |     4 ||    50
       Poisonous Vapours |     7 |     9 ||    16
  Use: Potion            |       |     1 ||     1
 Stab: Sleeping          |     1 |       ||     1
Armor: Robe              |    23 |     7 ||    30
Dodge: Dodged            |    52 |    14 ||    66

Table legend: (Time is in decaauts)
 A = Elapsed time spent in this place.
 B = Non-inter-level travel time spent in this place.
 C = Inter-level travel time spent in this place.
 D = Time resting spent in this place.
 E = Time spent auto-exploring this place.
 F = Levels seen in this place.
 G = Mean time per level.
                   A        B        C        D        E       F      G
               +--------+--------+--------+--------+--------+-----+--------+
         Total |   3014 |   2929 |     85 |    822 |   1636 |   3 | 1004.7 |
       Dungeon |   3014 |   2929 |     85 |    822 |   1636 |   3 | 1004.7 |
               +--------+--------+--------+--------+--------+-----+--------+

Top non-repeatable levels by time:
     D:2: 1493 daAuts
     D:1: 1108 daAuts
     D:3: 413 daAuts
